 Dungeon Crawl Stone Soup version 0.31-a0-358-gac0dbeb3ab (webtiles) character file.

Game seed: 9995834230800542136

263 garrulousMonolith the Changeling (level 6, -4/41 HPs)
             Began as an Octopode Shapeshifter on July 25, 2023.
             Slain by Ijyb
             ... wielding a +1 dagger of electrocution
              (19 damage)
             ... on level 3 of the Dungeon.
             The game lasted 00:02:37 (1520 turns).

garrulousMonolith the Changeling (OpSh)             Turns: 1520, Time: 00:02:38

Health: -4/41      AC:  1    Str: 14    XL:     6   Next: 19%
Magic:  6/6        EV: 14    Int: 10    God:
Gold:   38         SH:  5    Dex: 15    Spells: 5/5 levels left

rFire   . .          .
                       - Unarmed
rCold   . . .        (no shield)
rNeg    . . .        (helmet currently unavailable)
rPois   .            g - amulet of reflection
rElec   .            (no ring)
rCorr   .            (no ring)
SInv    .            (no ring)
Will    .....        (no ring)
Stlth   +++          (no ring)
HPRegen 0.26/turn    (no ring)
MPRegen 0.10/turn    (no ring)
                     (no ring)

%: reflection
@: beast-form
A: beast (slay +2), almost no armour, amphibious, 8 rings, camouflage 1,
gelatinous body 1, (nimble swimmer 1), tentacles
a: Begin Untransformation


You were on level 3 of the Dungeon.
You were a hulking beast.
You visited 1 branch of the dungeon, and saw 3 of its levels.

You collected 80 gold pieces.
You spent 42 gold pieces at shops.

Inventory:

Hand Weapons
 j - a +2 sling of draining
Missiles
 c - 2 boomerangs (quivered)
 k - 4 poisoned darts
Jewellery
 d - a ring of ice
 g - an amulet of reflection (around mantle)
Talismans
 b - a beast talisman
Scrolls
 f - 2 scrolls of teleportation
 h - a scroll of brand weapon {unknown}
 m - a scroll of immolation {unknown}
 n - 3 scrolls of noise {unknown}
Potions
 a - 2 potions of lignification
 e - a potion of berserk rage
 l - a potion of might {unknown}


   Skills:
 + Level 2.5 Fighting
 + Level 3.0 Dodging
 + Level 3.1 Stealth
 + Level 3.8 Unarmed Combat
 * Level 4.2 Shapeshifting


You had 5 spell levels left.
You didn't know any spells.
Your spell library was empty.

Dungeon Overview and Level Annotations

Branches:
Dungeon (3/15)

Altars:

Shops:
D:1 [:   D:3 ?

Annotations:
D:3 Ijyb


Innate Abilities, Weirdness & Mutations

You are a hulking beast.
Your limbs bulge with bestial killing power. (Slay +2)
You cannot wear most types of armour.
You are amphibious.
You can wear up to eight rings at the same time.
Your skin changes colour to match your surroundings (Stealth+).
Your rubbery body absorbs attacks. (AC +1, EV +1)
((You are camouflaged when in or above water. (Stealth+)))
You have tentacles for arms and can constrict up to eight enemies at once.


Message History

The bat closely misses you.
Sigmund shouts!
You tentacle-slap Sigmund. You grab Sigmund. You tentacle-slap Sigmund.
You squeeze Sigmund.
Sigmund is moderately wounded.
You constrict Sigmund.
Ijyb shouts!
You block the bat's attack.
Ijyb screams, "You nasty!
Big nasty!"
Ijyb zaps a wand.
The puff of flame hits you!
Sigmund screams, "Only death can liberate you!"
Sigmund hits you with a +0 scythe!
You tentacle-slap Sigmund. You squeeze Sigmund!
Sigmund is almost dead.
You constrict Sigmund. The bat barely misses you.
Ijyb zaps a wand.
The puff of flame misses you. Sigmund hits you but does no damage.
You bludgeon Sigmund!
You kill Sigmund!
The bat barely misses you.
Ijyb zaps a wand.
The puff of flame hits you!
* * * LOW HITPOINT WARNING * * *
Your Dodging skill increases to level 3!
Your Stealth skill increases to level 3!
Your Shapeshifting skill increases to level 4!
You have reached level 5!
You feel agile.
You have reached level 6!
You feel much better. The bat hits you but does no damage. The bat hits you.
The bat misses you. The bat hits you but does no damage.
You see here a ball python corpse.
You closely miss the bat. Your grab misses the bat. The bat closely misses you.
You start resting.
A bat is nearby!
You see here a worm corpse.
Ijyb zaps a wand.
The puff of flame hits you!
Ijyb zaps a wand.
The puff of flame misses you.
You see here a worm corpse.
Ijyb hits you with a +1 dagger of electrocution.
You are electrocuted!!
You die...

....PP## #..........#
#...P## ####.......#
###### ##.###### #
#.### # #...# # ###
###.#### #.# #.....
####.################.
#...gh†..........# ##
#..†############.#####
...#...####....
#.#.... ............g#
#.#.... .........)...#
#.'.... #####...####.#
###.... #...# #
#.###.... #####
#........ #####....


You could see Ijyb.

Vanquished Creatures
  Sigmund (D:3)
  Jessica (D:2)
  4 adders
  2 worms
  A dart slug (D:2)
  4 ball pythons
  2 endoplasms (D:2)
  2 giant cockroaches
  5 goblins
  2 hobgoblins (D:1)
  2 jackals (D:2)
  A kobold (D:2)
  3 quokkas
  2 bats (D:2)
  8 frilled lizards
  2 rats (D:2)
42 creatures vanquished.

Notes
Turn   | Place    | Note
-------+----------+-------------------------------------------
     0 | D:1      | garrulousMonolith the Octopode Shapeshifter began the quest
                  | for the Orb.
     0 | D:1      | Reached XP level 1. HP: 13/13 MP: 1/1
    92 | D:1      | Found a faded altar of an unknown god.
   269 | D:1      | Found Zygunoum's Antique Armour Emporium.
   369 | D:1      | Reached XP level 2. HP: 18/18 MP: 2/2
   414 | D:1      | Reached skill level 1 in Stealth
   491 | D:1      | Found Voiklaud's Book Emporium.
   717 | D:2      | Reached XP level 3. HP: 17/23 MP: 3/3
   947 | D:2      | Reached XP level 4. HP: 28/29 MP: 4/4
  1073 | D:2      | Noticed Jessica
  1078 | D:2      | Killed Jessica
  1374 | D:3      | Found Ukuer's Magic Scroll Shop.
  1391 | D:3      | Bought a scroll of teleportation for 42 gold pieces
  1500 | D:3      | Noticed Sigmund
  1504 | D:3      | Noticed Ijyb
  1507 | D:3      | Killed Sigmund
  1508 | D:3      | Reached skill level 4 in Shapeshifting
  1508 | D:3      | Reached XP level 5. HP: 4/35 MP: 5/5
  1508 | D:3      | Reached XP level 6. HP: 5/41 MP: 6/6
  1520 | D:3      | Slain by Ijyb

Illustrated notes

Levels and vault maps discovered:
D:1:      lemuel_arrival_river_ford, layout_rooms, serial_shops,
          nicolae_shop_back_alley_shop, nicolae_shop_peninsula,
          chequers_ecumenical_altar_island, minmay_tiny_reverse_x
D:2:      minmay_alternating_diamond, layout_rooms, uniq_jessica
D:3:      layout_basic, serial_shops, shop_scrolls, minmay_cut_off,
          uniq_sigmund, uniq_ijyb, uniq_crazy_yiuf_cottage

Skill      XL: |  1  2  3  4 |
---------------+-------------+-----
Stealth        | 1 3 |  3.1
Fighting       | 2 |  2.5
Dodging        | 3 |  3.0
Shapeshifting  | 4 |  4.2
Unarmed Combat | |  3.8

Action                     |  1- 3 |  4- 6 || total
---------------------------+-------+-------++-------
  Melee: Unarmed           |    47 |    22 ||    69
         Constrict         |    14 |     8 ||    22
         Tentacles         |     9 |     8 ||    17
         Punch             |     1 |     2 ||     3
  Throw: Boomerang         |     2 |       ||     2
    Use: Scroll            |       |     3 ||     3
         Potion            |       |     1 ||     1
   Stab: Sleeping          |     6 |       ||     6
         Distracted        |       |     1 ||     1
 Armour: Skin              |     4 |     7 ||    11
  Dodge: Dodged            |    21 |    17 ||    38
  Block: Other             |     3 |     4 ||     7
         Reflection        |     1 |       ||     1

Table legend: (Time is in decaauts)
 A = Elapsed time spent in this place.
 B = Non-inter-level travel time spent in this place.
 C = Inter-level travel time spent in this place.
 D = Time resting spent in this place.
 E = Time spent auto-exploring this place.
 F = Levels seen in this place.
 G = Mean time per level.
                   A        B        C        D        E       F      G
               +--------+--------+--------+--------+--------+-----+--------+
         Total |   1516 |   1482 |     34 |    179 |    983 |   3 |  505.3 |
       Dungeon |   1516 |   1482 |     34 |    179 |    983 |   3 |  505.3 |
               +--------+--------+--------+--------+--------+-----+--------+

Top non-repeatable levels by time:
     D:1: 630 daAuts
     D:2: 613 daAuts
     D:3: 272 daAuts
